 Dungeon Crawl Stone Soup version 0.28-a0-1555-g9ae15a6949 (webtiles) character file.

Game seed: 7356410292322406606

1365 gruber the Destroyer (level 8, -1/57 HPs)
             Began as a Black Draconian Conjurer on Jan 18, 2022.
             Shot themself with an orb of electricity (10 damage)
             ... in a sewer.
             The game lasted 00:08:36 (6406 turns).

gruber the Destroyer (Black Draconian Conjurer)     Turns: 6406, Time: 00:08:36

Health: -1/57      AC:  8    Str: 10    XL:     8   Next: 38%
Magic:  7/14       EV: 12    Int: 21    God:
Gold:   186        SH:  0    Dex:  9    Spells: 7/15 levels left

rFire   . . .      SeeInvis .   q - +0 demon trident
rCold   . . .      Faith    .   (no shield)
rNeg    . . .      Spirit   .   (armour unavailable)
rPois   .          Reflect  .   (helmet restricted)
rElec   +          Harm     .   m - +1 cloak
rCorr   .          Rampage  .   (no gloves)
Will    .....                   (no boots)
Stlth   ++........              (no amulet)
HPRegen 0.19/turn               p - ring of wizardry
MPRegen 0.14/turn               (no ring)

@: slowed, very slow
A: breathe lightning, AC +6, unfitting armour, electricity resistance,
cold-blooded
a: Breathe Lightning


You were in a sewer.
You visited 1 branch of the dungeon, and saw 5 of its levels.
You also visited: Sewer.

You collected 186 gold pieces.

Inventory:

Hand Weapons
 q - a +0 demon trident (weapon)
Missiles
 b - 6 poisoned darts
 t - a throwing net
Armour
 m - a +1 cloak (worn)
Magical Staves
 j - a staff of fire
Jewellery
 p - a ring of wizardry (left hand)
Wands
 o - a wand of digging (9)
Scrolls
 a - 2 scrolls of noise {unknown}
 c - 2 scrolls of enchant weapon {unknown}
 d - 7 scrolls of identify {unknown}
 g - 3 scrolls of teleportation {unknown}
 i - 3 scrolls of immolation {unknown}
 k - a scroll of magic mapping {unknown}
 r - a scroll of silence {unknown}
 s - 2 scrolls of enchant armour {unknown}
Potions
 e - 2 potions of mutation {unknown}
 f - 4 potions of curing {unknown}
 h - a potion of attraction {unknown}
 l - a potion of ambrosia {unknown}
 n - a potion of heal wounds {unknown}


   Skills:
 - Level 1.7 Dodging
 - Level 1.7 Stealth
 - Level 4.0 Spellcasting
 * Level 10.4 Conjurations


You had 7 spell levels left.
You knew the following spells:

 Your Spells              Type           Power      Damage    Failure   Level
a - Magic Dart            Conj           100%       1d8       1%          1
b - Searing Ray           Conj           96%        2d7       1%          2
c - Dazzling Flash        Conj/Hex       52%        N/A       1%          3
d - Poisonous Vapours     Pois/Air       8%         N/A       8%          2

Your spell library contained the following spells:

 Spells                   Type           Power      Damage    Failure   Level
 Stone Arrow              Conj/Erth      52%        3d10      1%          3
 Sandblast                Erth           8%         2d5       4%          1
 Fulminant Prism          Conj/Hex       13%        3d9       6%          4
 Iskenderun's Mystic Bla  Conj/Tloc      26%        2d7       6%          4
 Blink                    Tloc           8%         N/A       8%          2
 Corpse Rot               Necr/Air       8%         N/A       8%          2
 Passwall                 Tmut/Erth      3%         N/A       8%          2
 Inner Flame              Hex/Fire       4%         N/A       14%         3
 Lesser Beckoning         Tloc           4%         N/A       14%         3
 Cause Fear               Hex            2%         N/A       41%         4
 Agony                    Necr           4%         N/A       75%         5
 Alistair's Intoxication  Tmut/Pois      2%         N/A       75%         5
 Borgnjor's Vile Clutch   Necr/Erth      2%         N/A       75%         5
 Manifold Assault         Tloc           4%         N/A       75%         5
 Silence                  Hex/Air        2%         N/A       75%         5
 Eringya's Noxious Bog    Tmut/Pois      2%         N/A       99%         6
 Discord                  Hex            2%         N/A       100%        8


Dungeon Overview and Level Annotations

Branches:
Dungeon (5/15)              Sewer (1/1)
 Temple: D:4-7

Altars:
Yredelemnul


Innate Abilities, Weirdness & Mutations

You can breathe wild blasts of lightning.
Your glossy black scales are hard. (AC +6)
You cannot fit into any form of body armour.
You are resistant to electric shocks. (rElec)
You are cold-blooded and may be slowed by cold attacks.


Message History

The searing ray hits the kobold brigand!
The kobold brigand is severely wounded.
You finish channelling your searing ray.
You feel sick.
The kobold brigand hits you with a +0 club.
The kobold brigand hits you with a +0 short sword.
Unknown command.
Unknown command.
Unknown command.
Casting: Searing Ray (safe; 1% risk of failure)
Confirm with . or Enter, or press ? or * to list all spells.
Aiming: Searing Ray (safe; 1% risk of failure)
Press: ? - help, Shift-Dir - straight line, f - kobold brigand
Aim: a kobold brigand, wielding a +0 club and quivering curare-tipped darts (lightly wounded, 79% to hit)
The searing ray hits the kobold brigand!
The kobold brigand is moderately wounded. (Press . to maintain the ray.)
You feel sick. The kobold brigand barely misses you.
The kobold brigand hits you with a +0 short sword.
* * * LOW HITPOINT WARNING * * *
The kobold brigand barely misses you. x2
The searing ray hits the kobold brigand!
The kobold brigand is severely wounded.
You feel sick.
You are no longer poisoned.
The kobold brigand misses you.
The kobold brigand hits you with a +0 short sword.
* * * LOW HITPOINT WARNING * * *
Unknown command.
Unknown command.
Activating: Breathe Lightning (4% risk of failure)
Press: ? - help, Dir - look around, f - activate Look: a kobold brigand, wielding a +0 short sword and quivering curare-tipped darts (heavily wounded)
You breathe a wild blast of lightning!
You hear a mighty clap of thunder!
The bolt of lightning hits you. You resist.
* * * LOW HITPOINT WARNING * * *
The orb of electricity explodes!
The orb of electricity engulfs you! You resist.
You die...

. ≈≈
#################≈≈≈
#≈≈≈≈≈≈≈≈≈≈≈≈≈≈≈≈≈≈≈
#≈≈≈≈≈≈≈≈≈≈≈≈≈≈≈≈≈≈≈
#≈≈≈≈≈≈≈≈≈≈≈≈≈≈≈≈≈≈≈
###'########≈≈######
#...#....#@≈≈≈†≈....
#.∩.#.∩)!KK.≈≈≈≈..P.
#.∩.#.!..'..........
#####..?.#..........
########.P......
#.##..... ### #####


You could see 2 kobold brigands.

Vanquished Creatures
  Grinder (D:3)
  3 yaks
  A black bear (D:4)
  3 ogres
  A scorpion (D:5)
  A water moccasin skeleton (D:4)
  A bullfrog zombie (D:3)
  An iguana (D:4)
  Ijyb (D:3)
  A hound skeleton (D:4)
  Robin (D:3)
  6 adders
  3 gnolls (D:4)
  A white imp (D:4)
  An ufetubus (D:5)
  An adder skeleton (D:4)
  A worm (D:2)
  3 dart slugs
  7 orcs
  8 ball pythons
  7 endoplasms
  2 giant cockroaches (D:5)
  13 goblins
  9 hobgoblins
  12 jackals
  11 kobolds
  5 quokkas
  8 bats
  3 frilled lizards
  9 rats
125 creatures vanquished.

Vanquished Creatures (others)
  A withered plant (D:3)
1 creature vanquished.

Grand Total: 126 creatures vanquished

Notes
Turn   | Place    | Note
-------+----------+-------------------------------------------
     0 | D:1      | gruber the Draconian Conjurer began the quest for the Orb.
     0 | D:1      | Reached XP level 1. HP: 14/14 MP: 3/3
   293 | D:1      | Reached XP level 2. HP: 3/20 MP: 0/5
  1695 | D:1      | Reached XP level 3. HP: 26/26 MP: 3/7
  1780 | D:1      | Learned a level 2 spell: Searing Ray
  1784 | D:1      | Learned a level 3 spell: Dazzling Flash
  2575 | D:2      | Reached XP level 4. HP: 33/33 MP: 3/10
  2645 | D:2      | Found a faded altar of an unknown god.
  3400 | D:3      | Noticed Ijyb
  3410 | D:3      | Killed Ijyb
  3445 | D:3      | Reached skill level 5 in Conjurations
  3581 | D:3      | Reached XP level 5. HP: 38/38 MP: 8/11
  3757 | D:3      | Noticed Robin
  3763 | D:3      | Killed Robin
  3869 | D:3      | Found a basalt altar of Yredelemnul.
  4118 | D:3      | Noticed Grinder
  4501 | D:3      | Killed Grinder
  4502 | D:3      | Reached skill level 6 in Conjurations
  4502 | D:3      | Reached XP level 6. HP: 24/45 MP: 4/12
  4870 | D:4      | Reached skill level 7 in Conjurations
  4977 | D:4      | Your scales start taking on a glossy black colour.
  4977 | D:4      | Reached XP level 7. HP: 50/50 MP: 7/13
  4977 | D:4      | Gained mutation: You are resistant to electric shocks.
                  | (rElec) [Black Draconian growth]
  4980 | D:4      | Learned a level 2 spell: Poisonous Vapours
  5150 | D:4      | Noticed a yak
  5151 | D:4      | Noticed a yak
  5182 | D:3      | Killed a yak
  5183 | D:3      | Reached skill level 8 in Conjurations
  5264 | D:4      | Noticed a yak
  5265 | D:4      | Killed a yak
  5272 | D:4      | Killed a yak
  5273 | D:4      | Reached skill level 9 in Conjurations
  5559 | D:4      | Reached XP level 8. HP: 54/57 MP: 10/14
  5978 | D:4      | Reached skill level 10 in Conjurations
  6121 | D:5      | Entered Level 5 of the Dungeon
  6313 | D:5      | Found a glowing drain.
  6329 | Sewer    | Entered a sewer
  6406 | Sewer    | Shot themself with an orb of electricity

Illustrated notes

Levels and vault maps discovered:
D:1:      minmay_arrival_four_circles, layout_basic
D:2:      layout_basic, chequers_ecumenical_altar_simple_redux
D:3:      layout_loops_cross, yredelemnul_altar_generic, uniq_grinder,
          uniq_robin, uniq_ijyb
D:4:      minmay_diamond_boxcup, layout_rooms
D:5:      layout_cave_pods, nicolae_tso_besieged_by_evil,
          minmay_temple_entry_waves, portal_sewer_entry_f,
          kennysheep_minor_cross
Sewer:    kennysheep_pipe_town

Skill      XL: |  1  2  3  4  5  6  7  8 |
---------------+-------------------------+-----
Spellcasting   | 3 4 |  4.0
Conjurations   | 5 6 7 9 10 | 10.4
Dodging        | |  1.7
Stealth        | |  1.7

Action                   |  1- 3 |  4- 6 |  7- 9 || total
-------------------------+-------+-------+-------++-------
Melee: Unarmed           |    54 |    17 |       ||    71
       Tailslap          |     5 |     3 |     2 ||    10
       Spear             |       |     6 |       ||     6
       Demon trident     |       |       |    41 ||    41
       Punch             |       |       |     1 ||     1
 Cast: Magic Dart        |    84 |    29 |    13 ||   126
       Searing Ray       |     4 |    24 |    17 ||    45
 Abil: Breathe Lightning |       |       |     1 ||     1
 Stab: Sleeping          |       |     1 |     1 ||     2
Armor: Skin              |    36 |    22 |    22 ||    80
Dodge: Dodged            |    76 |    38 |    46 ||   160

Table legend: (Time is in decaauts)
 A = Elapsed time spent in this place.
 B = Non-inter-level travel time spent in this place.
 C = Inter-level travel time spent in this place.
 D = Time resting spent in this place.
 E = Time spent auto-exploring this place.
 F = Levels seen in this place.
 G = Mean time per level.
                   A        B        C        D        E       F      G
               +--------+--------+--------+--------+--------+-----+--------+
         Total |   6433 |   6164 |    269 |    421 |   4871 |   6 | 1072.2 |
       Dungeon |   6345 |   6076 |    269 |    421 |   4802 |   5 | 1269.0 |
         Sewer |     87 |     87 |      0 |      0 |     69 |   1 |   87.0 |
               +--------+--------+--------+--------+--------+-----+--------+

Top non-repeatable levels by time:
     D:1: 1966 daAuts
     D:3: 1616 daAuts
     D:2: 1342 daAuts
     D:4: 1209 daAuts
     D:5: 211 daAuts
   Sewer: 87 daAuts
